APL (24 & UNDER)
STATE COLLEGE SPIKES @ PENSACOLA PILOTS
06/30/2028
 
TOP OF THE 1ST
State College Spikes batting - Pitching for Pensacola Pilots : RHP Cisco Caraballo
Pitching: RHP Cisco Caraballo
Batting: RHB Héctor Villarreal 0-0: Foul Ball, location: 2F
0-1: Swinging Strike
0-2: Ball
1-2: Ball
2-2: Ball
3-2: Base on Balls
Batting: RHB Cory Hester 0-0: Called Strike
0-1: Ball
1-1: Foul Ball, location: 2F
1-2: Ball
2-2: Ground out 3-1 (Groundball, 34S)
Héctor Villarreal to second
Batting: RHB Joe Salas 0-0: Ball
1-0: Called Strike
1-1: Ball
2-1: Called Strike
2-2: Foul Ball, location: 2F
2-2: Ball
3-2: Strikes out looking
Batting: RHB Luis Árias 0-0: Ball
1-0: Called Strike
1-1: Called Strike
1-2: Ball
2-2: Fly out, F9 (Flyball, 9S)
Top of the 1st over - 0 run(s), 0 hit(s), 0 error(s), 1 left on base; State College 0 - Pensacola 0
BOTTOM OF THE 1ST
Pensacola Pilots batting - Pitching for State College Spikes : RHP Bob Howe
Pitching: RHP Bob Howe
Batting: SHB José Velásquez 0-0: Called Strike
0-1: Foul Ball, location: 2F
0-2: Ball
1-2: Ball
2-2: Ground out 4-3 (Groundball, 4)
Batting: LHB Nick Gamble 0-0: Foul Ball, location: 2F
0-1: Ball
1-1: Foul Ball, location: 2F
1-2: SINGLE (Line Drive, 4M)
Batting: LHB Weston Chaney 0-0: Ball
1-0: Swinging Strike
1-1: Ball
2-1: Ball
3-1: Fly out, F7 (Flyball, 78S)
Batting: LHB Brenton Carter 0-0: Ball
1-0: Called Strike
1-1: Swinging Strike
1-2: Ball
2-2: Ball
3-2: Ground out 4-3 (Groundball, 4)
Bottom of the 1st over - 0 run(s), 1 hit(s), 0 error(s), 1 left on base; State College 0 - Pensacola 0
TOP OF THE 2ND
State College Spikes batting - Pitching for Pensacola Pilots : RHP Cisco Caraballo
Batting: RHB Millard Walker 0-0: Fly out, F5 (Popup, 5D)
Batting: RHB Vaughan Shelton 0-0: Ball
1-0: Ball
2-0: Ball
3-0: Base on Balls
Batting: RHB Julián Garza 0-0: Ball
Vaughan Shelton steals 2nd base
1-0: Ground out 6-3 (Groundball, 6)
Batting: RHB Daniel Martínez 0-0: Ball
1-0: Fly out, F8 (Flyball, 8LD)
Top of the 2nd over - 0 run(s), 0 hit(s), 0 error(s), 1 left on base; State College 0 - Pensacola 0
BOTTOM OF THE 2ND
Pensacola Pilots batting - Pitching for State College Spikes : RHP Bob Howe
Batting: RHB Leopoldo Horgan 0-0: Swinging Strike
0-1: Ball
1-1: Ball
2-1: Ball
3-1: Called Strike
3-2: Strikes out looking
Batting: LHB Armando Domínguez 0-0: Foul Ball, location: 2F
0-1: Ball
1-1: Ball
2-1: DOUBLE (Line Drive, 7D)
Batting: RHB Julian Lee 0-0: Ball
1-0: Foul Ball, location: 2F
1-1: Ball
2-1: Fly out, F8 (Flyball, 8RM)
Batting: RHB Dennis Mays 0-0: Ball
1-0: Foul Ball, location: 2F
1-1: Ball
2-1: Foul Ball, location: 2F
2-2: Foul Ball, location: 2F
2-2: Strikes out swinging
Bottom of the 2nd over - 0 run(s), 1 hit(s), 0 error(s), 1 left on base; State College 0 - Pensacola 0
TOP OF THE 3RD
State College Spikes batting - Pitching for Pensacola Pilots : RHP Cisco Caraballo
Batting: RHB Mike Hurt 0-0: Ball
1-0: Foul Ball, location: 2F
1-1: Ball
2-1: Foul Ball, location: 2F
2-2: SINGLE (Groundball, 6MD)
Batting: RHB Héctor Villarreal 0-0: SINGLE (Groundball, 56S) (infield hit)
Mike Hurt to second
Batting: RHB Cory Hester 0-0: Ball
1-0: Foul Ball, location: 2F
1-1: Ball
2-1: Fielders Choice at 2nd, 1-4 (Groundball, 15)
Mike Hurt to third
Batting: RHB Joe Salas 0-0: Ball
1-0: Called Strike
1-1: Foul Ball, location: 2F
1-2: Ball
2-2: Foul Ball, location: 2F
2-2: Ball
3-2: Base on Balls
Cory Hester to second
Batting: RHB Luis Árias 0-0: Ball
1-0: Ball
2-0: Called Strike
2-1: Ball
3-1: Base on Balls
Mike Hurt scores
Cory Hester to third
Joe Salas to second
Batting: RHB Millard Walker 0-0: Ball
1-0: Called Strike
1-1: Ball
2-1: Foul Ball, location: 2F
2-2: Ball
3-2: Base on Balls
Cory Hester scores
Joe Salas to third
Luis Árias to second
Batting: RHB Vaughan Shelton 0-0: Foul Ball, location: 2F
0-1: Called Strike
0-2: Hit by Pitch
Joe Salas scores
Luis Árias to third
Millard Walker to second
Batting: RHB Julián Garza 0-0: Called Strike
0-1: Ball
1-1: Foul Ball, location: 2F
1-2: Foul Ball, location: 2F
1-2: Ball
2-2: Ball
Passed Ball!
Luis Árias scores
Millard Walker to third
Vaughan Shelton to second
3-2: Foul Ball, location: 2F
3-2: Foul Ball, location: 2F
3-2: Strikes out swinging
Batting: RHB Daniel Martínez 0-0: Called Strike
0-1: Ground out 6-3 (Groundball, 6M)
Top of the 3rd over - 4 run(s), 2 hit(s), 0 error(s), 2 left on base; State College 4 - Pensacola 0
BOTTOM OF THE 3RD
Pensacola Pilots batting - Pitching for State College Spikes : RHP Bob Howe
Batting: RHB Salvador Mendoza 0-0: Ball
1-0: Called Strike
1-1: Ball
2-1: Ball
3-1: Called Strike
3-2: Fly out, F9 (Flyball, 89S)
Batting: SHB José Velásquez 0-0: Ball
1-0: Ball
2-0: Foul Ball, location: 2F
2-1: Ball
3-1: Foul Ball, location: 2F
3-2: Strikes out looking
Batting: LHB Nick Gamble 0-0: Ball
1-0: SINGLE (Groundball, 6MD)
Batting: LHB Weston Chaney 0-0: Called Strike
0-1: Foul Ball, location: 2F
0-2: Strikes out swinging
Bottom of the 3rd over - 0 run(s), 1 hit(s), 0 error(s), 1 left on base; State College 4 - Pensacola 0
TOP OF THE 4TH
State College Spikes batting - Pitching for Pensacola Pilots : RHP Cisco Caraballo
Batting: RHB Mike Hurt 0-0: Called Strike
0-1: Ball
1-1: Ground out 4-3 (Groundball, 4M)
Batting: RHB Héctor Villarreal 0-0: Fly out, F7 (Flyball, 7LS)
Batting: RHB Cory Hester 0-0: Foul Ball, location: 2F
0-1: Foul Ball, location: 2F
0-2: Foul Ball, location: 2F
0-2: Ball
1-2: Ball
2-2: Ball
3-2: Foul Ball, location: 2F
3-2: Foul Ball, location: 2F
3-2: Base on Balls
Pitching: LHP Mas Fogo
Batting: RHB Joe Salas 0-0: SINGLE (Groundball, 34D)
Cory Hester to second
Runner from 2nd tries for 3rd, SAFE, throw made to third
Batting: RHB Luis Árias 0-0: Ball
1-0: Ball
2-0: Called Strike
2-1: Fly out, F8 (Flyball, 8RM)
Top of the 4th over - 0 run(s), 1 hit(s), 0 error(s), 2 left on base; State College 4 - Pensacola 0
BOTTOM OF THE 4TH
Pensacola Pilots batting - Pitching for State College Spikes : RHP Bob Howe
Batting: LHB Brenton Carter 0-0: Ball
1-0: Ball
2-0: Ball
3-0: Called Strike
3-1: Called Strike
3-2: Base on Balls
Batting: RHB Leopoldo Horgan 0-0: Ball
1-0: Foul Ball, location: 2F
1-1: Foul Ball, location: 2F
1-2: Foul Ball, location: 2F
1-2: Grounds into double play, 4-6-3 (Groundball, 4)
Batting: LHB Armando Domínguez 0-0: Fly out, F8 (Line Drive, 8LM)
Bottom of the 4th over - 0 run(s), 0 hit(s), 0 error(s), 0 left on base; State College 4 - Pensacola 0
TOP OF THE 5TH
State College Spikes batting - Pitching for Pensacola Pilots : LHP Mas Fogo
Batting: RHB Millard Walker 0-0: Ball
1-0: Called Strike
1-1: Ball
2-1: Swinging Strike
2-2: Strikes out swinging
Batting: RHB Vaughan Shelton 0-0: Ball
1-0: Ball
2-0: Called Strike
2-1: Foul Ball, location: 2F
2-2: Foul Ball, location: 2F
2-2: Ball
3-2: Base on Balls
Batting: RHB Julián Garza 0-0: Fly out, F1 (Line Drive, 13)
Batting: RHB Daniel Martínez 0-0: Ball
1-0: Called Strike
1-1: Fly out, F9 (Flyball, 9LS)
Top of the 5th over - 0 run(s), 0 hit(s), 0 error(s), 1 left on base; State College 4 - Pensacola 0
BOTTOM OF THE 5TH
Pensacola Pilots batting - Pitching for State College Spikes : RHP Bob Howe
Batting: RHB Julian Lee 0-0: Ball
1-0: Called Strike
1-1: Ball
2-1: Foul Ball, location: 2F
2-2: Strikes out looking
Batting: RHB Dennis Mays 0-0: Swinging Strike
0-1: Ball
1-1: Ball
2-1: Swinging Strike
2-2: Strikes out swinging
Batting: RHB Salvador Mendoza 0-0: Ground out 4-3 (Groundball, 4)
Bottom of the 5th over - 0 run(s), 0 hit(s), 0 error(s), 0 left on base; State College 4 - Pensacola 0
TOP OF THE 6TH
State College Spikes batting - Pitching for Pensacola Pilots : LHP Mas Fogo
Batting: RHB Mike Hurt 0-0: Called Strike
0-1: Ball
1-1: Ball
2-1: Ball
3-1: Base on Balls
Batting: RHB Héctor Villarreal 0-0: Called Strike
0-1: Fly out, F8 (Flyball, 78D)
Batting: RHB Cory Hester 0-0: Called Strike
0-1: Ball
1-1: Foul Ball, location: 2F
1-2: Strikes out swinging
Batting: RHB Joe Salas 0-0: Fly out, F8 (Flyball, 8RM)
Top of the 6th over - 0 run(s), 0 hit(s), 0 error(s), 1 left on base; State College 4 - Pensacola 0
BOTTOM OF THE 6TH
Pensacola Pilots batting - Pitching for State College Spikes : RHP Bob Howe
Batting: SHB José Velásquez 0-0: Called Strike
0-1: Ball
1-1: Ball
2-1: Ball
3-1: Called Strike
3-2: Base on Balls
Batting: LHB Nick Gamble 0-0: Ball
1-0: Swinging Strike
Pickoff Throw to First - Out!
1-1: Fly out, F7 (Flyball, 78M)
Batting: LHB Weston Chaney 0-0: Foul Ball, location: 2F
0-1: Ball
1-1: Called Strike
1-2: Ball
2-2: Fly out, F8 (Flyball, 78S)
Bottom of the 6th over - 0 run(s), 0 hit(s), 0 error(s), 0 left on base; State College 4 - Pensacola 0
TOP OF THE 7TH
State College Spikes batting - Pitching for Pensacola Pilots : LHP Mas Fogo
Batting: RHB Luis Árias 0-0: Called Strike
0-1: Swinging Strike
0-2: Strikes out swinging
Batting: RHB Millard Walker 0-0: Called Strike
0-1: Ball
1-1: Called Strike
1-2: Ball
2-2: SINGLE (Flyball, 7S) - OUT at second base trying to stretch hit.
Batting: RHB Vaughan Shelton 0-0: Swinging Strike
0-1: Ball
1-1: Ball
2-1: SINGLE (Flyball, 9S)
Batting: RHB Julián Garza 0-0: Called Strike
0-1: Foul Ball, location: 2F
0-2: Fly out, F9 (Line Drive, 89M)
Top of the 7th over - 0 run(s), 2 hit(s), 0 error(s), 1 left on base; State College 4 - Pensacola 0
BOTTOM OF THE 7TH
Pensacola Pilots batting - Pitching for State College Spikes : RHP Bob Howe
Batting: LHB Brenton Carter 0-0: Swinging Strike
0-1: Ball
1-1: Ground out 1-3 (Groundball, 13)
Batting: RHB Leopoldo Horgan 0-0: Ball
1-0: Ball
2-0: Ball
3-0: Called Strike
3-1: Base on Balls
Batting: LHB Armando Domínguez 0-0: Ball
1-0: Called Strike
1-1: Foul Ball, location: 2F
1-2: Fielders Choice at 2nd, 4-6 (Groundball, 4)
Batting: RHB Julian Lee 0-0: Called Strike
0-1: Called Strike
Armando Domínguez steals 2nd base
0-2: Strikes out looking
Bottom of the 7th over - 0 run(s), 0 hit(s), 0 error(s), 1 left on base; State College 4 - Pensacola 0
TOP OF THE 8TH
State College Spikes batting - Pitching for Pensacola Pilots : LHP Mas Fogo
Batting: RHB Daniel Martínez 0-0: Fly out, F5 (Line Drive, 56S)
Batting: RHB Mike Hurt 0-0: Called Strike
0-1: Hit by Pitch
Batting: RHB Héctor Villarreal 0-0: Foul Ball, location: 2F
0-1: Foul Ball, location: 2F
0-2: Ball
1-2: TRIPLE (Line Drive, 9LS)
Mike Hurt scores
Pitching: LHP Cisco Sánchez
Batting: RHB Cory Hester 0-0: Called Strike
0-1: Swinging Strike
0-2: Hit by Pitch
Batting: RHB Joe Salas 0-0: Ball
1-0: Foul Ball, location: 2F
1-1: Foul Ball, location: 2F
1-2: Foul Ball, location: 2F
1-2: Fly out, F4 (Flyball, 34D)
Batting: RHB Luis Árias 0-0: Ball
1-0: Ball
2-0: Called Strike
2-1: Foul Ball, location: 2F
2-2: Foul Ball, location: 2F
2-2: Fielders Choice at 2nd, 5-4 (Groundball, 5)
Top of the 8th over - 1 run(s), 1 hit(s), 0 error(s), 1 left on base; State College 5 - Pensacola 0
BOTTOM OF THE 8TH
Pensacola Pilots batting - Pitching for State College Spikes : RHP Bob Howe
Batting: RHB Dennis Mays 0-0: Foul Ball, location: 2F
0-1: Ball
1-1: Called Strike
1-2: Foul Ball, location: 2F
1-2: Ball
2-2: Fly out, F9 (Line Drive, 9)
Batting: RHB Salvador Mendoza 0-0: Called Strike
0-1: Ball
1-1: Swinging Strike
1-2: Ball
2-2: Ball
3-2: Foul Ball, location: 2F
3-2: Base on Balls
Pitching: RHP Ricardo Gutiérrez
Batting: SHB José Velásquez 0-0: SINGLE (Line Drive, 34)
Salvador Mendoza to second
Batting: LHB Nick Gamble 0-0: Called Strike
0-1: Called Strike
0-2: Ball
1-2: Ball
2-2: Foul Ball, location: 2F
2-2: Ball
3-2: Base on Balls
Salvador Mendoza to third
José Velásquez to second
Batting: LHB Weston Chaney 0-0: Ball
1-0: Called Strike
1-1: Swinging Strike
1-2: Ball
2-2: Foul Ball, location: 2F
2-2: Foul Ball, location: 2F
2-2: Foul Ball, location: 2F
2-2: Strikes out looking
Pitching: LHP Michael Stewart
Batting: LHB Brenton Carter 0-0: Ball
1-0: Ball
2-0: Called Strike
2-1: Swinging Strike
2-2: Ball
3-2: Ground out 4-3 (Groundball, 4)
Bottom of the 8th over - 0 run(s), 1 hit(s), 0 error(s), 3 left on base; State College 5 - Pensacola 0
TOP OF THE 9TH
State College Spikes batting - Pitching for Pensacola Pilots : LHP Cisco Sánchez
Batting: RHB Millard Walker 0-0: Hit by Pitch
Batting: RHB Vaughan Shelton 0-0: Called Strike
0-1: Called Strike
0-2: Ball
1-2: Strikes out looking
Batting: RHB Julián Garza 0-0: Ball
1-0: Ball
2-0: Called Strike
2-1: Fielders Choice at 2nd, 5-4 (Groundball, 5L)
Batting: RHB Daniel Martínez 0-0: Ball
1-0: Foul Ball, location: 2F
1-1: Fly out, F6 (Flyball, 6D)
Top of the 9th over - 0 run(s), 0 hit(s), 0 error(s), 1 left on base; State College 5 - Pensacola 0
BOTTOM OF THE 9TH
Pensacola Pilots batting - Pitching for State College Spikes : LHP Michael Stewart
Batting: RHB Leopoldo Horgan 0-0: Ball
1-0: Swinging Strike
1-1: Ball
2-1: Ball
3-1: Base on Balls
Batting: LHB Armando Domínguez 0-0: Ball
1-0: SINGLE (Groundball, 6S) (infield hit)
Leopoldo Horgan to second
Batting: RHB Julian Lee 0-0: Ball
1-0: Fly out, F4 (Popup, 34)
Batting: RHB Dennis Mays 0-0: Ball
1-0: Foul Ball, location: 2F
1-1: Fielders Choice at 2nd, 3-6 (Groundball, 34)
Leopoldo Horgan to third
Batting: RHB Salvador Mendoza 0-0: Ball
1-0: SINGLE (Line Drive, 8RS)
Leopoldo Horgan scores
Dennis Mays to second
Runner from 2nd tries for 3rd, SAFE, throw made to third
Batting: SHB José Velásquez 0-0: Ball
1-0: Ball
Wild Pitch!
Dennis Mays scores
Salvador Mendoza to second
2-0: Called Strike
2-1: Foul Ball, location: 2F
2-2: Ball
3-2: Base on Balls
Pinch Hitting: RHB Jesús Sánchez 0-0: Called Strike
0-1: Ball
1-1: Ball
2-1: Swinging Strike
2-2: Ball
3-2: Base on Balls
Salvador Mendoza to third
José Velásquez to second
Pinch Hitting: RHB Jorge Domínguez 0-0: Ball
1-0: Swinging Strike
1-1: Called Strike
1-2: Foul Ball, location: 2F
1-2: Ball
2-2: Foul Ball, location: 2F
2-2: Foul Ball, location: 2F
2-2: SINGLE (Line Drive, 56D)
Salvador Mendoza scores
José Velásquez to third
Jesús Sánchez to second
Runner from 3rd tries for Home, SAFE, no throw
Batting: LHB Brenton Carter 0-0: Foul Ball, location: 2F
0-1: Swinging Strike
0-2: Ball
1-2: SINGLE (Groundball, 4MD)
Jesús Sánchez to third
Jorge Domínguez to second
Batting: RHB Leopoldo Horgan 0-0: Called Strike
0-1: Foul Ball, location: 2F
0-2: Ball
1-2: Ball
2-2: Ball
3-2: Base on Balls
Jesús Sánchez scores
Jorge Domínguez to third
Brenton Carter to second
Pinch Hitting: RHB Aaron Grizzle 0-0: Ball
1-0: Ball
2-0: Foul Ball, location: 2F
2-1: Ball
3-1: Base on Balls
Jorge Domínguez scores
Brenton Carter to third
Leopoldo Horgan to second
Tuesday, August 8th, 2017 - OOTP Baseball 17.12 Build 75